 Dungeon Crawl Stone Soup version 0.29-a0-194-g6e3aafee17 (webtiles) character file.

Game seed: 3068879132781443341

40 mcwallace the Chiller (level 3, -5/28 HPs)
             Began as a Naga Ice Elementalist on Feb 22, 2022.
             Slain by a gnoll
             ... wielding a +0 spear
              (7 damage)
             ... on level 2 of the Dungeon.
             The game lasted 00:01:56 (1364 turns).

mcwallace the Chiller (Naga Ice Elementalist)       Turns: 1364, Time: 00:01:57

Health: -5/28      AC:  2    Str: 10    XL:     3   Next: 50%
Magic:  0/6        EV: 10    Int: 17    God:
Gold:   148        SH:  0    Dex: 11    Spells: 5/6 levels left

rFire   . . .      SeeInvis +   d - +2 dagger (pain) {short}
rCold   . . .      Faith    .   (no shield)
rNeg    . . .      Spirit   .   a - +0 robe
rPois   +          Reflect  .   (no helmet)
rElec   .          Harm     .   (no cloak)
rCorr   .          Rampage  .   (no gloves)
Will    .....                   (no barding)
Stlth   ++........              (no amulet)
HPRegen 0.09/turn               (no ring)
MPRegen 0.10/turn               (no ring)

@: short of breath, very slow
A: AC +1, large, see invisible, deformed body, poison resistance, slowness 2,
spit poison 1, naga tail 1
a: Spit Poison


You were on level 2 of the Dungeon.
You visited 1 branch of the dungeon, and saw 2 of its levels.

You collected 148 gold pieces.


Innate Abilities, Weirdness & Mutations

Your serpentine skin is tough. (AC +1)
You have supernaturally acute eyesight. (SInv)
Armour fits poorly on your strangely shaped body.
Your system is resistant to poisons. (rPois)
You cover ground very slowly.
You can spit poison.
You have a snake-like lower body.


   Skills:
 + Level 2.0 Dodging
 + Level 3.8 Stealth
 + Level 2.4 Spellcasting
 + Level 4.3 Ice Magic


You had 5 spell levels left.
You knew the following spells:

 Your Spells              Type           Power      Damage    Failure   Level
a - Freeze                Ice            64%        1d8       3%          1

Your spell library contained the following spells:

 Spells                   Type           Power      Damage    Failure   Level
 Frozen Ramparts          Ice            32%        1d5       10%         3
 Ozocubu's Armour         Ice            16%        N/A       10%         3
 Ignite Poison            Fire/Tmut/Pois 2%         N/A       50%         3
 Mephitic Cloud           Conj/Pois/Air  2%         N/A       50%         3
 Hailstorm                Conj/Ice       9%         3d4       58%         4
 Freezing Cloud           Conj/Ice/Air   3%         6-21      96%         5

Inventory:

Hand Weapons
 b - a +0 mace {mace}
   (You found it on level 1 of the Dungeon)
 c - a +0 short sword {short}
   (You took it off a kobold on level 1 of the Dungeon)
 d - a +2 dagger of pain (weapon) {short}
   (You took it off a goblin on level 1 of the Dungeon)
Missiles
 f - 53 stones {throwing}
 k - 3 poisoned darts {throwing}
Armour
 a - a +0 robe (worn)
Scrolls
 e - 4 scrolls of identify {unknown}
 g - a scroll of noise {unknown}
 i - a scroll of teleportation {unknown}
 j - a scroll of immolation {unknown}
 m - a scroll of torment {unknown}
Potions
 h - a potion of mutation {unknown}
 l - 2 potions of haste {unknown}
 n - a potion of lignification {unknown}

Dungeon Overview and Level Annotations

Branches:
Dungeon (2/15)

Altars:
Fedhas

...##.# #....#.... # ######.##..
#....#...# #.#......####
#....#... ### #.#.###..####
####...g...# ...#............
#..........# #####.###.....#####
#....##....# ...................
#....##....#######.#.#.....#####
#....##......g)@...#.#.....#
#....##...##########.#.....#
##....##...##.# #..#.....#
#.............# #.##.....#
#.....#######.# #.##.#####
#.....#####.#.# #.##.#
#.###.......#.######.##.# #
#.##......#.........#
#.##.##.#........####


You could see a gnoll.


Message History

You freeze the goblin.
You kill the goblin! 😕 MP[-1]
You lost 1 mp, and now have 3/5 mp.
A gnoll comes into view. It is wielding a +0 spear.
The gnoll moves out of view. 😎 HP[+3] MP[+2]
Your hp is fully restored (22).
Your mp is fully restored (5).
No target in view!
No target in view!
n - a sedimented golden potion You now have 144 gold pieces (gained 12).
You now have 148 gold pieces (gained 4).
A gnoll comes into view. It is wielding a +0 spear.
A gnoll comes into view. It is wielding a +0 club.
The gnoll shouts!
You hear an angry hiss.
You hear a shout!
The gnoll closely misses you.
Aiming: Spit Poison (2% risk of failure)
Press: ? - help, Shift-Dir - straight line, f - gnoll
Aim: a gnoll, wielding a +0 spear (65% to hit)
The splash of poison misses the gnoll.
The splash of poison hits the gnoll but does no damage.
The gnoll barely misses you.
The gnoll hits you with a +0 spear. 😕 HP[-3]
You take 3 damage, and now have 19/22 hp.
You hit the gnoll.
You have got your breath back.
The gnoll closely misses you.
You barely miss the gnoll.
The gnoll hits you with a +0 spear! 😮 HP[-7]
You take 7 damage, and now have 12/22 hp.
MASSIVE DAMAGE!! (PAUSE)
Casting: Freeze (safe; 3% risk of failure)
Confirm with . or Enter, or press ? or * to list all spells.
Aiming: Freeze (safe; 3% risk of failure)
Press: ? - help, Shift-Dir - straight line, f/p - gnoll
Aim: a gnoll, wielding a +0 spear (lightly wounded)
You freeze the gnoll. The gnoll hits you with a +0 spear.
* * * LOW HITPOINT WARNING * * *
😨 HP[-6] MP[-1]
You take 6 damage, and now have 6/22 hp.
MASSIVE DAMAGE!! (PAUSE)
You lost 1 mp, and now have 4/5 mp.
Unknown command.
Casting: Freeze (safe; 3% risk of failure)
Confirm with . or Enter, or press ? or * to list all spells.
Aiming: Freeze (safe; 3% risk of failure)
Press: ? - help, Shift-Dir - straight line, f/p - gnoll
Aim: a gnoll, wielding a +0 spear (heavily wounded)
You freeze the gnoll.
You kill the gnoll!
Your Dodging skill increases to level 2!
You have reached level 3!
Your experience leads to an increase in your attributes!
Increase (S)trength, (I)ntelligence, or (D)exterity?
You feel clever. x2; Your skin feels tougher. 😨 HP[+2] MP[-1]
You now have 28 max hp (+6).
You regained 2 hp, and now have 8/28 hp.
Casting: Freeze (safe; 3% risk of failure)
Confirm with . or Enter, or press ? or * to list all spells.
Aiming: Freeze (safe; 3% risk of failure)
Press: ? - help, Shift-Dir - straight line, f - gnoll
Aim: a gnoll, wielding a +0 club You freeze the gnoll.
The gnoll closely misses you. 😨 MP[-1]
You lost 1 mp, and now have 2/6 mp.
Casting: Freeze (safe; 3% risk of failure)
Confirm with . or Enter, or press ? or * to list all spells.
Aiming: Freeze (safe; 3% risk of failure)
Press: ? - help, Shift-Dir - straight line, f/p - gnoll
Aim: a gnoll, wielding a +0 club (moderately wounded)
You freeze the gnoll.
The gnoll barely misses you. x2 😨 MP[-1]
You lost 1 mp, and now have 1/6 mp.
Casting: Freeze (safe; 3% risk of failure)
Confirm with . or Enter, or press ? or * to list all spells.
Aiming: Freeze (safe; 3% risk of failure)
Press: ? - help, Shift-Dir - straight line, f/p - gnoll
Aim: a gnoll, wielding a +0 club (heavily wounded)
You freeze the gnoll! The gnoll hits you with a +0 club.
* * * LOW HITPOINT WARNING * * *
The gnoll hits you from afar with a +0 spear.
* * * LOW HITPOINT WARNING * * *
😱 HP[-4] MP[-1]
You take 4 damage, and now have 4/28 hp.
You lost 1 mp, and now have 0/6 mp.
You hit the gnoll.
You kill the gnoll!
The gnoll hits you from afar with a +0 spear.
* * * LOW HITPOINT WARNING * * *
😱 HP[-2]
You take 2 damage, and now have 2/28 hp.
Aiming: Spit Poison (2% risk of failure)
Press: ? - help, Shift-Dir - straight line, f - gnoll
Aim: a gnoll, wielding a +0 spear (65% to hit)
The splash of poison hits the gnoll.
The gnoll hits you from afar with a +0 spear!
You die...

Skill      XL: |  1  2 |
---------------+-------+-----
Dodging        | 2 |  2.0
Stealth        | |  3.8
Spellcasting   | |  2.4
Ice Magic      | |  4.3

Action                   || total
-------------------------++-------
Melee: Dagger            ||     9
       Unarmed           ||     1
 Cast: Freeze            ||    27
 Abil: Spit Poison       ||     4
 Stab: Sleeping          ||     2
Dodge: Dodged            ||    17

Levels and vault maps discovered:
D:1:      doesnt_arrival_eight_statues, layout_loops_cross,
          hellmonk_ecumenical_altar_run_dry, minmay_misc_feat_pillars,
          due_unseen_surprise
D:2:      layout_basic, basic_altar, minmay_quantized, uniq_terence

Notes
Turn   | Place    | Note
-------+----------+-------------------------------------------
     0 | D:1      | mcwallace the Naga Ice Elementalist began the quest for the
                  | Orb.
     0 | D:1      | Reached XP level 1. HP: 15/15 MP: 3/3
     0 | D:1      | magus.rc [v1.9.6]
    12 | D:1      | Found a faded altar of an unknown god.
    25 | D:1      | You add the spells Ignite Poison, Mephitic Cloud and
                  | Freezing Cloud to your library.
   131 | D:1      | HP: 3/15 [frozen (1)]
   134 | D:1      | Reached XP level 2. HP: 5/22 MP: 0/5
  1114 | D:2      | Found a blossoming altar of Fedhas.
  1360 | D:2      | Reached skill level 2 in Dodging
  1360 | D:2      | Reached XP level 3. HP: 8/28 MP: 3/6
  1362 | D:2      | HP: 5/28 [gnoll/+0 club (3)]
  1363 | D:2      | HP: 2/28 [gnoll/+0 spear (2)]
  1364 | D:2      | Slain by a gnoll

Vanquished Creatures
  2 gnolls (D:2)
  2 ball pythons (D:1)
  4 endoplasms
  2 goblins
  4 hobgoblins (D:1)
  2 kobolds (D:1)
  2 frilled lizards (D:1)
18 creatures vanquished.

Table legend:
 A = Non-vault XP
 B = Vault XP
 C = Vault XP percentage of total XP
 D = Non-vault monster count
 E = Vault monster count
 F = Vault count percentage of total count
                 A         B        C        D         E       F
            +---------+---------+-------+---------+---------+-------
      Total |      58 |       0 |   0.0 |      18 |       0 |   0.0
            +---------+---------+-------+---------+---------+-------
        D:1 |      26 |       0 |   0.0 |      14 |       0 |   0.0
        D:2 |      32 |       0 |   0.0 |       4 |       0 |   0.0
            +---------+---------+-------+---------+---------+-------

Illustrated notes

Table legend:
 A = Kills in this place as a percentage of kills in entire the game.
 B = Kills by you in this place as a percentage of kills by you in the entire game.
 C = Kills by friends in this place as a percentage of kills by friends in the entire game.
 D = Other kills in this place as a percentage of other kills in the entire game.
 E = Experience gained in this place as a percentage of experience gained in the entire game.
 F = Experience gained in this place divided by the number of levels of this place that you have seen.
                   A       B       C       D       E      F
               +-------+-------+-------+-------+-------+----------------------
         Total | 100.0 | 100.0 |   N/A |   N/A | 100.0 |  29.0
       Dungeon | 100.0 | 100.0 |   N/A |   N/A | 100.0 |  29.0
               +-------+-------+-------+-------+-------+----------------------

Table legend: (Time is in decaauts)
 A = Elapsed time spent in this place.
 B = Non-inter-level travel time spent in this place.
 C = Inter-level travel time spent in this place.
 D = Time resting spent in this place.
 E = Time spent auto-exploring this place.
 F = Levels seen in this place.
 G = Mean time per level.
                   A        B        C        D        E       F      G
               +--------+--------+--------+--------+--------+-----+--------+
         Total |   1658 |   1635 |     23 |      0 |   1469 |   2 |  829.0 |
       Dungeon |   1658 |   1635 |     23 |      0 |   1469 |   2 |  829.0 |
               +--------+--------+--------+--------+--------+-----+--------+

Top non-repeatable levels by time:
     D:1: 1320 daAuts
     D:2: 338 daAuts
